 Dungeon Crawl Stone Soup version 0.23-a0-143-g1adec7b (webtiles) character file.

16 Goblin1989 the Changer (level 2, -5/25 HPs)
             Began as a Naga Transmuter on Sept 4, 2018.
             Slain by a kobold
             ... wielding a +0 short sword
              (6 damage)
             ... on level 1 of the Dungeon.
             The game lasted 00:01:27 (556 turns).

Goblin1989 the Changer (Naga Transmuter)             Turns: 556, Time: 00:01:28

Health: -5/25      AC:  1    Str: 12    XL:     2   Next: 58%
Magic:  5/5        EV: 10    Int: 13    God:
Gold:   33         SH:  0    Dex: 11    Spells: 4/5 levels left

rFire    . . .     SeeInvis +     - Unarmed
rCold    . . .     Gourm    .   (no shield)
rNeg     . . .     Faith    .   b - +0 robe
rPois    +         Spirit   .   (no helmet)
rElec    .         Reflect  .   (no cloak)
rCorr    .         Harm     .   (no gloves)
MR       .....                  (no barding)
Stlth    +.........             (no amulet)
HPRegen  0.08/turn              (no ring)
MPRegen  0.09/turn              (no ring)

@: appendage (expiring), very slow
A: large, horns 2, see invisible, deformed body, poison resistance, slowness 2,
slow metabolism 1, spit poison 1, AC +0
a: Spit Poison, End Transformation


You were on level 1 of the Dungeon.
You were not hungry.
You had grown temporary horns.
You visited 1 branch of the dungeon, and saw 1 of its levels.

You collected 33 gold pieces.

Inventory:

Missiles
 a - 12 arrows
 f - 21 stones (quivered) {@Q3}
Armour
 b - a +0 robe (worn)
Scrolls
 g - a scroll of identify {unknown}
 j - a scroll of magic mapping {unknown}
 l - a scroll of teleportation {unknown}
 n - a scroll of blinking {unknown}
Potions
 h - a potion of curing {unknown}
Comestibles
 e - 2 rations


   Skills:
 - Level 1.0 Fighting
 - Level 1.5 Dodging
 - Level 3.0 Unarmed Combat
 - Level 2.0 Spellcasting
 + Level 3.1 Transmutations


You had 4 spell levels left.
You knew the following spells:

 Your Spells              Type           Power        Failure   Level  Hunger
a - Beastly Appendage     Tmut           #.....       7%          1    ##.....

Your spell library contained the following spells:

 Spells                   Type           Power        Failure   Level  Hunger
 Sticks to Snakes         Tmut           #.......     11%         2    ###....
 Spider Form              Tmut/Pois      #.........   38%         3    ####...
 Ice Form                 Ice/Tmut       #.......     80%         4    #####..
 Blade Hands              Tmut           #.........   89%         5    ######.


Dungeon Overview and Level Annotations

Branches:
Dungeon (1/15)

Altars:


Innate Abilities, Weirdness & Mutations

You cannot wear boots.
Your serpentine skin is tough. (AC +0)
You have supernaturally acute eyesight. (SInv)
Armour fits poorly on your strangely shaped body.
Your system is resistant to poisons. (rPois)
You cover ground very slowly.
You have a slow metabolism.
You can spit poison.
You have a pair of horns on your head.


Message History

You barely miss the goblin. Your headbutt misses the goblin.
The goblin is moderately wounded.
The goblin hits you with a club.
You take 4 damage, and have 15/25 hp.
You hit the goblin. Your headbutt misses the goblin.
The goblin is almost dead.
The goblin hits you with a club.
You take 3 damage, and have 12/25 hp.
You barely miss the goblin.
The goblin is almost dead.
The goblin hits you with a club.
* * * LOW HITPOINT WARNING * * *
You take 4 damage, and have 8/25 hp.
MP restored: 5 You barely miss the goblin.
The goblin is almost dead.
You hit the goblin.
You kill the goblin!
Unknown command.
Your horns disappear.
Key pressed, stopping explore.
Key pressed, stopping explore.
All of the chunks of flesh in your inventory have rotted away.
Key pressed, stopping explore.
You butcher the rat corpse.
m - a chunk of flesh Health restored: 25 You butcher the goblin corpse.
m - 4 chunks of flesh (gained 3)
Things that are here:
a club; a goblin skeleton
Things that are here:
a club; a goblin skeleton
n - a scroll labeled TYODIDW TOFAYVAEX
f - 21 stones {@Q3} (gained 18)
e - 2 rations (gained 1)
Found a stone staircase leading down.
Found a stone staircase leading down.
A goblin comes into view. It is wielding a dagger.
The goblin shouts!
You hear a shout! x2
Casting: Beastly Appendage (safe; 8% risk of failure)
Confirm with . or Enter, or press ? or * to list all spells.
You grow a pair of large bovine horns.
A kobold comes into view. It is wielding a short sword.
You now have 4/5 mp.
An ooze comes into view.
The ooze moves out of view.
The ooze quivers.
The goblin barely misses you. The goblin misses you.
Found a stone staircase leading down.
You hit the goblin.
You kill the goblin!
The kobold misses you. The kobold hits you with a short sword.
All of the chunks of flesh in your inventory have rotted away.
You see here a dagger.
You take 6 damage, and have 19/25 hp.
MASSIVE DAMAGE!!
You barely miss the kobold. The kobold hits you with a short sword.
You take 6 damage, and have 13/25 hp.
MASSIVE DAMAGE!!
You are too injured to fight recklessly!
You are too injured to fight recklessly!
You are too injured to fight recklessly!
Casting: Beastly Appendage (safe; 8% risk of failure)
Confirm with . or Enter, or press ? or * to list all spells.
Okay, then.
You hit the ooze but do no damage. You headbutt the ooze.
The ooze is moderately wounded.
Your transformation is almost over.
The ooze hits you but does no damage. The kobold hits you with a short sword.
* * * LOW HITPOINT WARNING * * *
You take 2 damage, and have 11/25 hp.
Unknown command.
You hit the ooze.
The ooze is moderately wounded.
The ooze hits you.
* * * LOW HITPOINT WARNING * * *
The kobold closely misses you.
You take 2 damage, and have 9/25 hp.
You hit the ooze but do no damage.
The ooze is moderately wounded.
The ooze barely misses you. The kobold hits you with a short sword.
* * * LOW HITPOINT WARNING * * *
You take 6 damage, and have 3/25 hp.
MASSIVE DAMAGE!!
Unknown command.
You hit the ooze.
The ooze is heavily wounded.
The ooze hits you.
* * * LOW HITPOINT WARNING * * *
The kobold hits you but does no damage.
You take 2 damage, and have 1/25 hp.
MP restored: 5 You hit the ooze.
You headbutt the ooze.
The ooze is almost dead.
The teleport trap disappears.
The goblin disappears!
The ooze hits you but does no damage.
Unknown command.
You hit the ooze.
You kill the ooze!
Your Transmutations skill increases to level 3!
The kobold hits you with a short sword.
You die...

.....>.....█.......█.█
..[........█....)..█.█
....)█.....██.██.....█
..>..█.....██.........
...........██..█..████
█..................
███.....█..........
██.....█..........
█@................
█.....K.................
............█...........
........................
.......██........███████
§...... █....███.█
...>... █...██ ███
......█ █...█


You could see a kobold.

Vanquished Creatures
  An ooze (D:1)
  A leopard gecko (D:1)
  A bat (D:1)
  A giant cockroach (D:1)
  3 goblins (D:1)
  A hobgoblin (D:1)
  A kobold (D:1)
  A rat (D:1)
10 creatures vanquished.

Notes
Turn   | Place    | Note
-------+----------+-------------------------------------------
     0 | D:1      | Goblin1989 the Naga Transmuter began the quest for the Orb.
     0 | D:1      | Reached XP level 1. HP: 18/18 MP: 3/3
   266 | D:1      | Reached XP level 2. HP: 25/25 MP: 3/5
   554 | D:1      | HP: 1/25 [ooze (2)]
   556 | D:1      | Slain by a kobold

Vault maps used:
D:1:      dpeg_arrival_more_subterranean_lakeside_camping,
          hangedman_decor_clover_reticule, nrook_mini_vaults

Skill      XL: |  1  2 |
---------------+-------+-----
Transmutations | 3 |  3.1
Fighting       | |  1.0
Dodging        | |  1.5
Unarmed Combat | |  3.0
Spellcasting   | |  2.0

Action                   || total
-------------------------++-------
Melee: Unarmed           ||    34
       Headbutt          ||     4
 Cast: Beastly Appendage ||     8
Armor: Robe              ||     9
Dodge: Dodged            ||    18

Table legend:
 A = Non-vault XP
 B = Vault XP
 C = Vault XP percentage of total XP
 D = Non-vault monster count
 E = Vault monster count
 F = Vault count percentage of total count
                 A         B        C        D         E       F
            +---------+---------+-------+---------+---------+-------
      Total |      24 |       0 |   0.0 |      10 |       0 |   0.0
            +---------+---------+-------+---------+---------+-------
        D:1 |      24 |       0 |   0.0 |      10 |       0 |   0.0
            +---------+---------+-------+---------+---------+-------

Vault maps used:
D:1:      dpeg_arrival_more_subterranean_lakeside_camping,
          hangedman_decor_clover_reticule, nrook_mini_vaults
